 Dungeon Crawl Stone Soup version 0.18.1-50-g88ac8fd (webtiles) character file.

32 Nosferatu13666 the Grave Robber (level 3, -2/24 HPs)
             Began as a Human Necromancer on Aug 26, 2016.
             Shot with a stone by a goblin (6 damage)
             ... on level 2 of the Dungeon on Oct 10, 2016.
             The game lasted 00:11:04 (1491 turns).

Nosferatu13666 the Grave Robber (Human Necromancer) Turns: 1491, Time: 00:11:05

Health: -2/24      AC:  2    Str:  8    XL:     3   Next: 45%
Magic:  0/6        EV: 12    Int: 16    God:
Gold:   67         SH:  0    Dex: 13    Spells: 2 memorised, 4 levels left

rFire  . . .     SeeInvis .     (no weapon)
rCold  . . .     Gourm    .     a - +0 robe
rNeg   . . .     Faith    .     (no shield)
rPois  .         Spirit   .     (no helmet)
rElec  .         Dismiss  .     (no cloak)
rCorr  .         Reflect  .     (no gloves)
SustAt .         Harm     .     (no boots)
MR     .....                    (no amulet)
Stlth  ++........               (no ring)
                                (no ring)

@: not resistant to hostile enchantments, unstealthy
A: no striking features
a: no special abilities


You were on level 2 of the Dungeon.
You were not hungry.

You visited 1 branch of the dungeon, and saw 2 of its levels.

You collected 67 gold pieces.

Inventory:

Armour
 a - a +0 robe (worn)
Jewellery
 n - an uncursed ring of sustain attributes {unknown}
Scrolls
 h - 2 scrolls of identify {unknown}
 i - a scroll of teleportation {unknown}
 j - a scroll of fear {unknown}
 p - a scroll of recharging {unknown}
Potions
 d - 3 potions of curing {unknown}
 e - a potion of resistance {unknown}
 k - a potion of cure mutation {unknown}
 l - a potion of lignification {unknown}
 m - a potion of berserk rage {unknown}
 q - a potion of flight {unknown}
 r - a potion of might {unknown}
Books
 b - a book of Necromancy

   Spells                             Type                      Level
   a - Pain                           Necromancy                   1
   b - Animate Skeleton               Necromancy                   1
   c - Vampiric Draining              Necromancy                   3
   d - Regeneration                   Charms/Necromancy            3
   e - Animate Dead                   Necromancy                   4
   f - Control Undead                 Necromancy                   4
Comestibles
 c - 3 bread rations
 f - a meat ration
 g - 2 beef jerkies
 o - a chunk of flesh


   Skills:
 + Level 2.2 Dodging
 + Level 2.0 Stealth
 + Level 0.4 Unarmed Combat
 + Level 2.3 Spellcasting
 + Level 4.5 Necromancy


You had 4 spell levels left.
You knew the following spells:

 Your Spells              Type           Power        Failure   Level  Hunger
a - Pain                  Necr           ###.         3%          1    #......
b - Animate Skeleton      Necr           N/A          3%          1    #......


Dungeon Overview and Level Annotations

Branches:
Dungeon (2/15)

Altars:
Ashenzari


Message History

The jackal bites you.
* * * LOW HITPOINT WARNING * * *
The jackal misses you. The jackal bites you.
* * * LOW HITPOINT WARNING * * *
The jackal barely misses you.
Casting: Pain
Confirm with . or Enter, or press ? or * to list all spells.
Aiming: Pain
Press: ? - help, Shift-Dir - straight line, f/p - jackal
Aim: a jackal (lightly wounded, chance to defeat MR: 93%)
The jackal convulses in agony!
The jackal bites you but does no damage.
The jackal closely misses you. The jackal closely misses you.
Drink which item? (? for menu, Esc to quit)
Okay, then.
Your magical contamination has completely faded away.
The goblin shoots a stone.
The stone hits you.
You die...

####### ####.....#
######### #....#.#.#
##.......#######....._..#
....................#.#
#.....<.#).....@h....#
#.........#####......#
#.......### #......###
#...#.### #####g...#
...###.########## #....#
## #..........# #....#
##..........####....#
#.......†g..#.......#
..#...#.####.g##....#


You could see a jackal and a goblin.

Vanquished Creatures
  An adder (D:2)
  2 giant cockroaches
  5 goblins
  6 jackals
  6 kobolds (D:1)
  A bat (D:2)
21 creatures vanquished.

Notes
Turn   | Place    | Note
--------------------------------------------------------------
     0 | D:1      | Nosferatu13666 the Human Necromancer began the quest for the Orb.
     0 | D:1      | Reached XP level 1. HP: 13/13 MP: 3/3
   429 | D:1      | Reached XP level 2. HP: 19/19 MP: 1/5
   473 | D:1      | Learned a level 1 spell: Animate Skeleton
   654 | D:1      | Upgraded the game from 0.18.1-48-g4cf74bf to 0.18.1-50-g88ac8fd
  1289 | D:2      | Found a shattered altar of Ashenzari.
  1311 | D:2      | Reached XP level 3. HP: 19/24 MP: 3/6
  1491 | D:2      | Shot with a stone by a goblin

Action                   || total
-------------------------++-------
Melee: Unarmed           ||    14
 Cast: Pain              ||    35
       Animate Skeleton  ||     2
 Stab: Sleeping          ||     1
  Eat: Chunk             ||     2
Armor: Robe              ||     8
Dodge: Dodged            ||    39
